 Dungeon Crawl Stone Soup version 0.30-a0-534-gdc55766716 (webtiles) character file.

Game seed: 775664576267924015

121 p00ps00p the Trooper (level 5, -3/70 HPs)
             Began as a Hill Orc Fighter on Dec 25, 2022.
             Succumbed to a gnoll's poison
             ... on level 4 of the Dungeon.
             The game lasted 00:02:21 (1217 turns).

p00ps00p the Trooper (Hill Orc Fighter)             Turns: 1217, Time: 00:02:22

Health: -3/70      AC: 12    Str: 24    XL:     5   Next: 5%
Magic:  5/5        EV:  7    Int:  6    God:
Gold:   134        SH:  9    Dex: 13    Spells: 4/4 levels left

rFire   . . .      SeeInvis .    a - +0 war axe
rCold   . . .      Faith    .    c - +0 buckler
rNeg    . . .      Spirit   .    f - +0 chain mail
rPois   .          Reflect  .    n - +2 hat
rElec   .          Harm     .    (no cloak)
rCorr   .          Rampage  .    i - +0 pair of gloves
Will    .....                    (no boots) Stlth
                                 (no amulet)
HPRegen 0.31/turn                (no ring)
MPRegen 0.09/turn                (no ring)

@: brilliant, berserking, lethally poisoned (-3 -> -26), attractive, flying,
hasted, very quick
A: fangs 1, large bone plates 1, agile 1, strong 1
a: no special abilities


You were on level 4 of the Dungeon.
You visited 1 branch of the dungeon, and saw 4 of its levels.

You collected 134 gold pieces.

Inventory:

Hand Weapons
 a - a +0 war axe (weapon)
Armour
 b - a +0 scale mail
 c - a +0 buckler (worn)
 f - a +0 chain mail (worn)
 i - a +0 pair of gloves (worn)
 l - a +0 hat of willpower
 n - a +2 hat (worn)
Potions
 d - 2 potions of might


   Skills:
 + Level 4.6 Fighting
 + Level 4.0 Axes
 + Level 4.1 Armour
 + Level 4.1 Shields


You had 4 spell levels left.
You didn't know any spells.
Your spell library contained the following spells:

 Spells                   Type           Power      Damage    Failure   Level
 Magic Dart               Conj           0%         1d3       99%         1
 Call Imp                 Summ           0%         N/A       100%        2
 Mephitic Cloud           Conj/Pois/Air  0%         N/A       100%        3


Dungeon Overview and Level Annotations

Branches:
Dungeon (3/15)

Altars:
Uskayaw
Wu Jian


Innate Abilities, Weirdness & Mutations

You have very sharp teeth.
You are partially covered in large bone plates. (SH +4)
You are agile. (Dex +4, Str/Int -1)
Your muscles are strong. (Str +4, Int/Dex -1)


Message History

It was a potion of attraction.
You feel attractive to monsters.
* * * LOW HITPOINT WARNING * * *
You feel sick.
The gnoll hits you from afar with a +1 spear of venom.
* * * LOW HITPOINT WARNING * * *
You are more poisoned.
The gnoll is attracted toward you. The hobgoblin is attracted toward you.
It was a potion of mutation.
You feel extremely strange.
You feel agile.
You feel stronger.
Your teeth lengthen and sharpen.
Large bone plates grow over parts of your arms.
* * * LOW HITPOINT WARNING * * *
You feel very sick. The gnoll hits you but does no damage.
You are more poisoned.
The hobgoblin is attracted toward you.
It was a potion of flight.
You feel very buoyant.
You fly up into the air.
* * * LOW HITPOINT WARNING * * *
You feel very sick.
Unknown command.
It was a potion of brilliance.
You feel clever all of a sudden.
* * * LOW HITPOINT WARNING * * *
You feel very sick. The gnoll barely misses you.
The hobgoblin closely misses you.
It was a potion of berserk rage.
A red film seems to cover your vision as you go berserk!
You feel yourself moving faster!
You feel mighty!
You feel less invigorated.
You feel less confused.
* * * LOW HITPOINT WARNING * * *
You feel very sick. The gnoll hits you but does no damage.
You are more poisoned.
You block the hobgoblin's attack.
You slice the gnoll!!
You kill the gnoll!
You closely miss the hobgoblin.
You die...

. .. ..##......... . ...
......# .. #.
#.###.#....##.. .
##..#........... ###.
#...............
##...#####......#.......
#......)#).....##...#
##.#...)@g§.........#
#...#####........#
#..### ##..#.........
##. #.###..##.##. # #..
....# # ........#
........## ....###..#
####


You could see a hobgoblin.

Vanquished Creatures
  An orc priest (D:4)
  3 gnolls (D:4)
  An adder (D:2)
  A worm (D:2)
  2 dart slugs
  3 orcs (D:4)
  7 endoplasms
  3 giant cockroaches
  2 goblins
  2 hobgoblins
  8 jackals (D:2)
  6 kobolds
  A quokka (D:1)
  5 ball pythons
  4 bats
  A rat (D:1)
50 creatures vanquished.

Notes
Turn   | Place    | Note
-------+----------+-------------------------------------------
     0 | D:1      | p00ps00p the Hill Orc Fighter began the quest for the Orb.
     0 | D:1      | Reached XP level 1. HP: 19/19 MP: 1/1
    64 | D:1      | Reached XP level 2. HP: 26/27 MP: 2/2
   474 | D:2      | Reached XP level 3. HP: 22/33 MP: 3/3
   847 | D:2      | Reached XP level 4. HP: 40/40 MP: 4/4
  1083 | D:3      | Found an ornate altar of the Wu Jian Council.
  1088 | D:3      | Found a hide-covered altar of Uskayaw.
  1111 | D:3      | You fall into a shaft and drop 1 floor!
  1209 | D:4      | Reached XP level 5. HP: 10/47 MP: 5/5
  1213 | D:4      | Gained mutation: You are agile. (Dex +4, Str/Int -1)
                  | [potion of mutation]
  1213 | D:4      | Gained mutation: Your muscles are strong. (Str +4, Int/Dex
                  | -1) [potion of mutation]
  1213 | D:4      | Gained mutation: You have very sharp teeth. [potion of
                  | mutation]
  1213 | D:4      | Gained mutation: You are partially covered in large bone
                  | plates. (SH +4) [potion of mutation]
  1214 | D:4      | HP: 2/47 [poisoned by a gnoll]
  1217 | D:4      | Succumbed to a gnoll's poison

Illustrated notes

Levels and vault maps discovered:
D:1:      scummos_arrival_hexagon, layout_rooms, grunt_decor_mini_mirrors
D:2:      layout_rooms
D:3:      layout_rooms, grunt_temple_overflow_open, minmay_gold_behind_fungi,
          saegor_snake_ambush
D:4:      layout_cave_pools, chequers_temple_overflow_statue_of_worship,
          st_stairs_2, chequers_arboretum, uniq_grinder

Skill      XL: |  1  2  3  4 |
---------------+-------------+-----
Axes           | 3 4 |  4.0
Fighting       | 4 |  4.6
Armour         | 4 |  4.1
Shields        | 4 |  4.1

Action                   |  1- 3 |  4- 6 || total
-------------------------+-------+-------++-------
Melee: War axe           |    88 |    29 ||   117
  Use: Scroll            |     2 |     1 ||     3
       Potion            |       |     7 ||     7
Armor: Scale mail        |     5 |       ||     5
       Chain mail        |    66 |    22 ||    88
Dodge: Dodged            |    42 |    17 ||    59
Block: Buckler           |    22 |    10 ||    32

Table legend: (Time is in decaauts)
 A = Elapsed time spent in this place.
 B = Non-inter-level travel time spent in this place.
 C = Inter-level travel time spent in this place.
 D = Time resting spent in this place.
 E = Time spent auto-exploring this place.
 F = Levels seen in this place.
 G = Mean time per level.
                   A        B        C        D        E       F      G
               +--------+--------+--------+--------+--------+-----+--------+
         Total |   1258 |   1199 |     59 |     55 |    785 |   4 |  314.5 |
       Dungeon |   1258 |   1199 |     59 |     55 |    785 |   4 |  314.5 |
               +--------+--------+--------+--------+--------+-----+--------+

Top non-repeatable levels by time:
     D:2: 640 daAuts
     D:1: 474 daAuts
     D:4: 110 daAuts
     D:3: 33 daAuts
